 Dungeon Crawl Stone Soup version 0.21-a0-496-g696f58f (webtiles) character file.

25 slep the Digger (level 2, -1/21 HPs)
             Began as a Demonspawn Wanderer on Nov 24, 2017.
             Slain by an adder (3 damage)
             ... on level 2 of the Dungeon.
             The game lasted 00:02:43 (1061 turns).

slep the Digger (Demonspawn Wanderer)               Turns: 1061, Time: 00:02:44

Health: -1/21      AC:  2    Str: 14    XL:     2   Next: 82%
Magic:  2/2        EV: 11    Int: 11    God:
Gold:   66         SH:  0    Dex: 16    Spells: 1/1 levels left

rFire    . . .     SeeInvis .   i - +0 spear
rCold    . . .     Gourm    .   (no shield)
rNeg     . . .     Faith    .   e - +0 robe
rPois    .         Spirit   .   (no helmet)
rElec    .         Reflect  .   (no cloak)
rCorr    .         Harm     .   (no gloves)
MR       .....                  (no boots)
Stlth    ++........             (no amulet)
HPRegen  0.07/turn              j - +4 ring of dexterity
MPRegen  0.08/turn              (no ring)

@: lethally poisoned (-1 -> -7)
A: powered by death 1
a: no special abilities


You were on level 2 of the Dungeon.
You were not hungry.

You visited 1 branch of the dungeon, and saw 2 of its levels.

You collected 66 gold pieces.

Inventory:

Hand Weapons
 a - a +2 shortbow
 i - a +0 spear (weapon)
Missiles
 b - 24 arrows
Armour
 e - a +0 robe (worn)
Jewellery
 j - a +4 ring of dexterity (left hand)
Wands
 o - a wand of iceblast (7)
Scrolls
 g - a scroll of remove curse {unknown}
 k - 3 scrolls of identify {unknown}
 l - a scroll of fog {unknown}
Potions
 c - a potion of curing
 d - a potion of lignification
 h - a potion of invisibility {unknown}
 n - a potion of might {unknown}
Comestibles
 f - a bread ration


   Skills:
 + Level 1.2 Fighting
 + Level 2.5 Bows
 + Level 2.2 Armour
 + Level 0.3 Dodging
 + Level 1.0 Stealth
   Level 2.6 Earth Magic
 + Level 1.0 Evocations


You had one spell level left.
You didn't know any spells.

Dungeon Overview and Level Annotations

Branches:
Dungeon (2/15)

Altars:


Innate Abilities, Weirdness & Mutations

You regenerate a little health from kills.


Message History

You resume training Evocations.
k - 3 scrolls labeled FAPNOE ISAN (gained 1) All of the chunks of flesh in your inventory have rotted away.
You see here a robe.
An adder comes into view.
The adder hisses angrily.
The adder bites you.
* * * LOW HITPOINT WARNING * * *
You are lethally poisoned!
The adder poisons you!
You hit the adder.
The adder is lightly wounded.
* * * LOW HITPOINT WARNING * * *
You feel sick. The adder bites you.
* * * LOW HITPOINT WARNING * * *
You hit the adder.
The adder is heavily wounded.
* * * LOW HITPOINT WARNING * * *
You feel sick. The adder bites you.
You die...

#.#....##.#.....###
#.........#.....##.
###[...##.#.....##.
#.##.##.#.....##.
#...>.........#..
####.#...........
#.#..>........
######.#...........
#.@....#...........
#S###.......#......
#. #.##...........
.. #.####.##.#....
##. #.# #.......##
#. ..# . ## ###


You could see an adder.

Vanquished Creatures
  An ooze (D:2)
  A dart slug (D:1)
  A leopard gecko (D:1)
  A goblin (D:1)
  2 hobgoblins (D:1)
  4 jackals (D:1)
  4 bats (D:1)
  A frilled lizard (D:2)
  A rat (D:2)
16 creatures vanquished.

Notes
Turn   | Place    | Note
-------+----------+-------------------------------------------
     0 | D:1      | slep the Demonspawn Wanderer began the quest for the Orb.
     0 | D:1      | slep set off with: a +2 shortbow, 25 arrows, a potion of curing, a potion of lignification, a +0 robe, a bread ration
     0 | D:1      | Reached XP level 1. HP: 15/15 MP: 1/1
    56 | D:1      | Gained mutation: You regenerate a little health from kills. [demonic ancestry]
    56 | D:1      | Reached XP level 2. HP: 15/21 MP: 2/2
  1061 | D:2      | Slain by an adder

Vault maps used:
D:1:      roderic_crossed_star
D:2:      lemuel_doored_altar, nicolae_gozag_cash_rules_everything_around_me,
          first_bread

Skill      XL: |  1 |
---------------+----+-----
Bows           | 2 |  2.5
Armour         | 2 |  2.2
Fighting       | |  1.2
Dodging        | |  0.3
Stealth        | |  1.0
Earth Magic    | |  2.6
Evocations     | |  1.0

Action                   || total
-------------------------++-------
Melee: Spear             ||    58
 Fire: Shortbow          ||    11
Armor: Robe              ||     8
Dodge: Dodged            ||    37

Table legend:
 A = Spawn XP
 B = Non-spawn XP
 C = Spawn XP percentage of total XP
 D = Spawn monster count
 E = Non-spawn monster count
 F = Spawn count percentage of total count
 G = Total turns spent on level
                    A         B        C        D         E        F      G
               +---------+---------+-------+---------+---------+-------+---------
         Total |       0 |      36 |   0.0 |       0 |      16 |   0.0 |  1061
               +---------+---------+-------+---------+---------+-------+---------
           D:1 |       0 |      27 |   0.0 |       0 |      13 |   0.0 |   790
           D:2 |       0 |       9 |   0.0 |       0 |       3 |   0.0 |   271
               +---------+---------+-------+---------+---------+-------+---------
